 Dungeon Crawl Stone Soup version 0.25.0-37-gb73750e0fb (webtiles) character file.

Game seed: 11168064388501573376

1353 wojtek the Reanimator (level 8, 0/61 HPs)
             Began as a Demonspawn Necromancer on July 9, 2020.
             Was an Initiate of Gozag.
             Succumbed to an orc warrior's poison
             ... on level 6 of the Dungeon.
             The game lasted 00:13:17 (9493 turns).

wojtek the Reanimator (Demonspawn Necromancer)      Turns: 9493, Time: 00:13:18

Health: 0/61       AC: 11    Str:  8      XL:     8   Next: 36%
Magic:  6/11       EV: 14    Int: 22      God:    Gozag
Gold:   238        SH:  0    Dex: 13 (14) Spells: 10/11 levels left

rFire    . . .     SeeInvis .   b - +4 war axe of World's End {flame, +Rage rC+ Int+3 Stlth+}
rCold    + + .     Gourm    .   (no shield)
rNeg     . . .     Faith    .   s - +0 robe
rPois    .         Spirit   .   (helmet restricted)
rElec    .         Reflect  .   h - +2 cloak
rCorr    .         Harm     .   (no gloves)
MR       .....                  (no boots)
Stlth    +++.......             (no amulet)
HPRegen  0.20/turn              (no ring)
MPRegen  0.12/turn              (no ring)

@: lethally poisoned (0 -> -1), gold aura, sanguine armour, lightly drained
A: antennae 2, cold resistance 1, freezing cloud immunity, sanguine armour 1
a: Potion Petition, Call Merchant, Bribe Branch, Renounce Religion, Evoke
Berserk Rage


You were on level 6 of the Dungeon.
You worshipped Gozag.
Gozag was aware of your devotion.
You were hungry.

You visited 2 branches of the dungeon, and saw 7 of its levels.

You collected 278 gold pieces.
You paid 40 gold pieces to Gozag.

Inventory:

Hand Weapons
 a - a +0 dagger of venom
 b - the +4 war axe of World's End (weapon) {flame, +Rage rC+ Int+3 Stlth+}
   (You took it off a gnoll on level 4 of the Dungeon)

   It has been specially enchanted to burn those struck by it, causing extra
   injury to most foes and up to half again as much damage against particularly
   susceptible opponents.
   Big, fiery blades are also staple armaments of hydra-hunters.
   It affects your intelligence (+3).
   It protects you from cold.
   It lets you go berserk.
   It makes you more stealthy.
 g - a +0 club
Missiles
 d - 138 stones (quivered)
 A - 5 boomerangs
Armour
 h - a +2 cloak (worn)
 s - a +0 robe (worn)
Jewellery
 q - a +4 ring of protection {unknown}
 C - a +6 ring of dexterity
 F - an uncursed amulet of guardian spirit {unknown}
Scrolls
 e - 2 scrolls of fog {unknown}
 i - 2 scrolls of blinking {unknown}
 n - a scroll of amnesia {unknown}
 o - 4 scrolls of remove curse {unknown}
 p - 2 scrolls of teleportation {unknown}
 r - a scroll of fear {unknown}
 u - 2 scrolls of enchant armour {unknown}
 v - 2 scrolls of magic mapping {unknown}
 y - 3 scrolls of identify {unknown}
 B - a scroll of enchant weapon {unknown}
 D - a scroll of immolation {unknown}
Potions
 f - a potion of stabbing {unknown}
 j - 3 potions of degeneration {unknown}
 k - 2 potions of heal wounds {unknown}
 l - a potion of berserk rage {unknown}
 m - 4 potions of brilliance {unknown}
 t - 4 potions of curing {unknown}
 w - 3 potions of ambrosia {unknown}
 x - 2 potions of resistance
 z - 2 potions of haste {unknown}
 E - a potion of might {unknown}
Comestibles
 c - 6 rations


   Skills:
 + Level 4.5(4.2) Fighting
 + Level 4.6(4.4) Dodging
 - Level 1.7(1.5) Stealth
 - Level 2.3(2.1) Spellcasting
 - Level 9.4(9.1) Necromancy


You had 10 spell levels left.
You knew the following spells:

 Your Spells              Type           Power        Failure   Level  Hunger
a - Pain                  Necr           ####         1%          1    #......

Your spell library contained the following spells:

 Spells                   Type           Power        Failure   Level  Hunger
 Animate Skeleton         Necr           N/A          1%          1    #......
 Vampiric Draining        Necr           #####.....   1%          3    ###....
 Animate Dead             Necr           N/A          3%          4    #####..
 Agony                    Necr           #####...     9%          5    ######.
 Magic Dart               Conj           #...         14%         1    #......
 Searing Ray              Conj           #.....       21%         2    ##.....
 Dazzling Flash           Conj/Hex       #.....       38%         3    ###....
 Fulminant Prism          Conj/Hex       #.........   80%         4    #####..
 Iskenderun's Mystic Bla  Conj/Tloc      #.......     80%         4    #####..


Dungeon Overview and Level Annotations

Branches:
Dungeon (6/15)             Temple (1/1) D:5

Altars:
Ashenzari
Cheibriados
Elyvilon
Fedhas
Gozag
Hepliaklqana
Makhleb
Nemelex Xobeh
Okawaru
Qazlal
Ru
Sif Muna
Trog
Uskayaw
Vehumet
Wu Jian
Xom
The Shining One

Annotations:
D:5 Eustachio
D:6 exclusion: statue


Innate Abilities, Weirdness & Mutations

You have a pair of antennae on your head.
Your flesh is cold resistant. (rC+)
You are immune to freezing clouds.
When seriously injured, your bleeding wounds create armour. (AC +6)


Message History

You feel your dexterity returning.
You hit something. You burn something.
You feel sick.
The orc becomes distracted by the nearby gold, dreaming of imaginary riches.
The orc hits you with the +7 long sword of Discretion {vorpal, +Rage rC- Dex+5}!
* * * LOW HITPOINT WARNING * * *
x2 Something hits you.
* * * LOW HITPOINT WARNING * * *
The orc shouts!
You miss something. You hit the orc. You burn the orc.
The orc is no longer distracted by gold.
Something hits you but does no damage.
The orc hits you with the +7 long sword of Discretion {vorpal, +Rage rC- Dex+5}.
* * * LOW HITPOINT WARNING * * *
x2 Unknown command.
Unknown command.
You slash the orc! You burn the orc.
You kill the orc!
You barely miss something.
You die...
Your body crumbles into a pile of gold.

#### # .(# #.####.# ####
#....#.#############...
#...$................#.
##...$#$#.##.(#######...
#.....{@#.....# ##.#
#.##.##$####.## #.# # #.
#o# #.# #.# #. ... ..#
#.. # #.# #### ##. ...
#. .## ##< . ##.. ##.#.


You could see an orc (resistant).

Vanquished Creatures
  Duvessa (D:5)
  An orc warrior (D:6)
  An ice beast (D:4)
  A black bear (D:6)
  A phantom (D:4)
  Dowan (D:5)
  5 wights (D:6)
  A howler monkey (D:6)
  A quasit (D:4)
  An orc priest (D:4)
  2 orc wizards
  A centaur skeleton (D:5)
  2 gnoll shamans
  An iguana (D:5)
  2 worker ants (D:5)
  9 gnolls
  10 adders
  A shadow imp (D:4)
  3 oozes
  6 worms
  A dart slug (D:2)
  2 leopard geckos
  14 orcs
  6 bats
  7 giant cockroaches
  5 goblins
  6 hobgoblins
  3 jackals (D:6)
  6 quokkas
  4 frilled lizards
  7 kobolds
  A leopard gecko skeleton (D:4)
  A leopard gecko zombie (D:5)
  4 rats
118 creatures vanquished.

Notes
Turn   | Place    | Note
-------+----------+-------------------------------------------
     0 | D:1      | wojtek the Demonspawn Necromancer began the quest for the
                  | Orb.
     0 | D:1      | Reached XP level 1. HP: 13/13 MP: 3/3
   446 | D:1      | Gained mutation: Your flesh is cold resistant. (rC+)
                  | [demonic ancestry]
   446 | D:1      | Reached XP level 2. HP: 15/19 MP: 0/5
   552 | D:1      | Reached skill level 5 in Necromancy
  1389 | D:2      | Gained mutation: You are immune to freezing clouds.
                  | [demonic ancestry]
  1389 | D:2      | Reached XP level 3. HP: 18/24 MP: 0/6
  1561 | D:2      | Found a shimmering blue altar of Sif Muna.
  2278 | D:2      | You fall into a shaft and drop 1 floor!
  2510 | D:2      | Reached skill level 6 in Necromancy
  2843 | D:3      | Reached XP level 4. HP: 27/30 MP: 2/7
  4171 | D:3      | Found a shimmering altar of Xom.
  4261 | D:4      | Reached skill level 7 in Necromancy
  4261 | D:4      | Gained mutation: You have a pair of small antennae on your
                  | head. [demonic ancestry]
  4261 | D:4      | Reached XP level 5. HP: 31/35 MP: 8/8
  4402 | D:4      | Noticed an ice beast
  4429 | D:4      | Killed an ice beast
  4798 | D:4      | Reached skill level 8 in Necromancy
  4801 | D:4      | Reached XP level 6. HP: 34/41 MP: 2/9
  4865 | D:4      | Identified the +4 war axe of World's End {flame, +Rage rC+
                  | Int+3 Stlth+}
  4905 | D:4      | HP: 2/41 [gnoll/+0 flail (9)]
  5540 | D:4      | Found an iron altar of Okawaru.
  5604 | D:5      | Entered Level 5 of the Dungeon
  5604 | D:5      | Found a burning altar of Makhleb.
  5604 | D:5      | Noticed a blizzard demon
  5675 | D:5      | Noticed a smoke demon
  5675 | D:5      | Noticed a hellwing
  5823 | D:4      | Reached skill level 9 in Necromancy
  6424 | D:5      | Gained mutation: You have a pair of antennae on your head.
                  | [demonic ancestry]
  6424 | D:5      | Reached XP level 7. HP: 31/46 MP: 10/10
  6766 | D:4      | Found a stormy altar of Qazlal.
  7010 | D:5      | Found a staircase to the Ecumenical Temple.
  7030 | Temple   | Entered the Ecumenical Temple
  7145 | Temple   | Became a worshipper of Gozag Ym Sagoz the Greedy
  7292 | D:5      | Noticed Duvessa
  7299 | D:5      | Noticed Dowan
  7957 | D:5      | Reached skill level 1 in Fighting
  8233 | D:5      | Found a snail-covered altar of Cheibriados.
  8652 | D:5      | Noticed Eustachio
  8724 | D:5      | Killed Duvessa
  8736 | D:5      | Killed Dowan
  8900 | D:5      | Found a shattered altar of Ashenzari.
  9045 | D:6      | Found a radiant altar of Vehumet.
  9095 | D:6      | Gained mutation: When seriously injured, your bleeding
                  | wounds create armour. (AC +6) [demonic ancestry]
  9095 | D:6      | Reached XP level 8. HP: 38/58 MP: 11/11
  9179 | D:6      | Found a white marble altar of Elyvilon.
  9388 | D:6      | Found a snail-covered altar of Cheibriados.
  9481 | D:6      | Identified the +7 long sword of Discretion {vorpal, +Rage
                  | rC- Dex+5}
  9491 | D:6      | HP: 3/61 [something (3)]
  9492 | D:6      | HP: 1/61 [orc/the +7 long sword of Discretion {vorpal,
                  | +Rage rC- Dex+5} (1)]
  9493 | D:6      | Succumbed to an orc warrior's poison

Illustrated notes

Levels and vault maps discovered:
D:1:      psy_arrival_wood_between_worlds, layout_basic, hex_medium
D:2:      layout_loops_ring, old_standard_altar
D:3:      layout_loops_ring, nicolae_overflow_hidden_temple
D:4:      layout_rooms, nicolae_overflow_crystal_walls, grunt_qazlal_sundering,
          skrybe_limestone_x, serial_park_tiny_pond
D:5:      cheibrodos_quashed, layout_loops_ring, makhleb_altar_promises_db,
          lemuel_coloured_pillars_altar, lemuel_crystal_altar,
          minmay_temple_entry_slanted, first_ration, uniq_duvessa,
          uniq_eustachio
D:6:      layout_loops_cross, vehumet_statue, lemuel_crystal_altar,
          enter_ossuary_2, cheibriados_altar_1
Temple:   nicolae_temple_figure_zero

Skill      XL: |  1  2  3  4  5  6  7  8 |
---------------+-------------------------+-----
Necromancy     | 5 6 7 8 9 |  9.4
Dodging        | 3 4 |  4.6
Fighting       | 3 4 |  4.5
Stealth        | |  1.7
Spellcasting   | |  2.3

Action                   |  1- 3 |  4- 6 |  7- 9 || total
-------------------------+-------+-------+-------++-------
Melee: Short sword       |    40 |       |       ||    40
       Dagger            |       |    69 |       ||    69
       War axe           |       |    32 |   146 ||   178
Throw: Stone             |    67 |     3 |       ||    70
 Cast: Pain              |    71 |    58 |    19 ||   148
 Stab: Sleeping          |     2 |     3 |     4 ||     9
  Eat: Chunk             |     7 |     9 |     2 ||    18
       Ration            |       |     1 |     2 ||     3
Armor: Robe              |    14 |    25 |   124 ||   163
Dodge: Dodged            |    35 |    63 |   206 ||   304
